[Event "Accentus Young Masters 2019"]
[Site "Bad Ragaz"]
[Date "2019.02.27"]
[Round "1.1"]
[White "Alboronz Cabrera, Carlos Daniel"]
[Black "Wagner, Dennis"]
[Result "1/2-1/2"]
[ECO "A35"]
[WhiteElo "2577"]
[BlackElo "2579"]
[Annotator "RC"]
[PlyCount "59"]
[EventDate "2019.02.27"]
[EventType "tourn"]
[EventCountry "SUI"]
[SourceTitle "playchess.com"]
[Source "ChessBase"]
[SourceQuality "1"]
[TimeControl "40/5400+30:1800+30"]

1. Nf3 Nf6 2. c4 c5 3. Nc3 Nc6 4. g3 d5 5. d4 cxd4 6. Nxd4 dxc4 7. Nxc6 Qxd1+ 8. Nxd1 bxc6 9. Bg2 Nd5 10. Ne3 e6 11. Nxc4 Ba6 12. b3 Bb4+ 13. Bd2 Ke7 14. Bxb4+ Nxb4 15. O-O Bxc4 16. bxc4 Rab8 17. a3 Na6 18. Bxc6 Rhc8 19. Be4 Rxc4 20. Bd3 Rc6 21. Rfc1 Rbc8 22. Rxc6 Rxc6 23. Rb1 Nc5 24. Rc1 f5 25. Bb5 Rc7 26. Kg2 Kd6 27. Rd1+ Ke7 28. Rc1 Kd6 29. Rd1+ Ke7 30. Rc1 1/2-1/2

[Event "Accentus Young Masters 2019"]
[Site "Bad Ragaz"]
[Date "2019.02.27"]
[Round "1.3"]
[White "Stijve, Theo"]
[Black "Studer, Noel"]
[Result "0-1"]
[ECO "C60"]
[WhiteElo "2339"]
[BlackElo "2494"]
[Annotator "ChessBase"]
[PlyCount "66"]
[EventDate "2019.02.27"]
[EventType "tourn"]
[EventCountry "SUI"]
[SourceTitle "playchess.com"]
[Source "ChessBase"]
[SourceQuality "1"]
[TimeControl "40/5400+30:1800+30"]

1. e4 e5 2. Nf3 Nc6 3. Bb5 Nge7 4. Nc3 d6 5. O-O a6 6. Ba4 Bd7 7. a3 g6 8. d4 Bg7 9. dxe5 Nxe5 10. Nxe5 Bxe5 11. Bxd7+ Qxd7 12. Be3 Nc6 13. f4 Bxc3 14. bxc3 f5 15. Rb1 O-O-O 16. Qd3 fxe4 17. Qxe4 Rde8 18. Qd3 Qf5 19. Qxf5+ gxf5 20. Rf3 Re4 21. Rd1 Na5 22. Rh3 Nc4 23. Bd4 Rhe8 24. Rxh7 Nxa3 25. Rd2 Re1+ 26. Kf2 Nc4 27. Rd3 a5 28. Be5 Rc1 29. Rd4 b5 30. Bf6 Rxc2+ 31. Kg3 Re3+ 32. Kh4 Rxg2 33. Rh8+ Kb7 0-1

[Event "Accentus Young Masters 2019"]
[Site "Bad Ragaz"]
[Date "2019.02.27"]
[Round "1.5"]
[White "Engel, Luis"]
[Black "Kurmann, Oliver"]
[Result "1/2-1/2"]
[ECO "C77"]
[WhiteElo "2469"]
[BlackElo "2454"]
[Annotator "ChessBase"]
[PlyCount "81"]
[EventDate "2019.02.27"]
[EventType "tourn"]
[EventCountry "SUI"]
[SourceTitle "playchess.com"]
[Source "ChessBase"]
[SourceQuality "1"]
[TimeControl "40/5400+30:1800+30"]

1. e4 e5 2. Nf3 Nc6 3. Bb5 a6 4. Ba4 Nf6 5. d3 d6 6. c3 Bd7 7. O-O g6 8. h3 Bg7 9. Be3 O-O 10. Nbd2 Re8 11. Re1 h6 12. Nf1 d5 13. Ng3 dxe4 14. dxe4 b5 15. Bc2 Na5 16. Qc1 Kh7 17. Rd1 Qe7 18. b4 Nb7 19. Bb3 a5 20. Ne1 a4 21. Bc2 c5 22. Nd3 c4 23. Nc5 Bc6 24. f3 Rad8 25. Rxd8 Rxd8 26. Qe1 Nd7 27. Nxd7 Rxd7 28. Qf2 Nd8 29. Rf1 Kg8 30. Ne2 Ne6 31. a3 Rd8 32. Qg3 h5 33. Qe1 Bf6 34. Kh1 Bg5 35. Qc1 h4 36. Bxg5 Nxg5 37. Qe3 Ne6 38. Rd1 Rxd1+ 39. Bxd1 Qd6 40. Bc2 g5 41. Kg1 1/2-1/2

[Event "Accentus Young Masters 2019"]
[Site "Bad Ragaz"]
[Date "2019.02.28"]
[Round "2.2"]
[White "Yankelevich, Lev"]
[Black "Engel, Luis"]
[Result "1-0"]
[ECO "E06"]
[WhiteElo "2445"]
[BlackElo "2469"]
[Annotator "RC"]
[PlyCount "99"]
[EventDate "2019.02.27"]
[EventType "tourn"]
[EventCountry "SUI"]
[SourceTitle "playchess.com"]
[Source "ChessBase"]
[SourceQuality "1"]
[TimeControl "40/5400+30:1800+30"]

1. d4 Nf6 2. c4 e6 3. Nf3 d5 4. g3 Be7 5. Bg2 O-O 6. O-O dxc4 7. Ne5 Nc6 8. Bxc6 bxc6 9. Nxc6 Qe8 10. Nxe7+ Qxe7 11. b3 cxb3 12. Qxb3 Rd8 13. Rd1 Ba6 14. Nc3 Nd5 15. Ba3 Qg5 16. Nxd5 exd5 17. Qf3 Bc4 18. h4 Qg6 19. Rd2 Re8 20. Bc5 Rab8 21. Kg2 Qa6 22. Re1 Qa5 23. Red1 Bxa2 24. Qa3 Qxa3 25. Bxa3 Bc4 26. Bc5 Bxe2 27. Bxa7 Rb3 28. Rc1 Bf3+ 29. Kh2 h6 30. Rdc2 g5 31. Rxc7 Re2 32. Rf1 Re4 33. Rc8+ Kh7 34. Rfc1 Re2 35. Rf1 gxh4 36. Bb8 Re4 37. Rfc1 Rxd4 38. Rf8 Rc4 39. Re1 Kg7 40. Ree8 Rc1 41. gxh4 Rh1+ 42. Kg3 Rg1+ 43. Kf4 Bg2 44. Rg8+ Kh7 45. Rh8+ Kg6 46. Reg8+ Kf6 47. Be5+ Ke6 48. Re8+ Kd7 49. Rd8+ Kc6 50. Rxh6+ 1-0

[Event "Accentus Young Masters 2019"]
[Site "Bad Ragaz"]
[Date "2019.02.28"]
[Round "2.3"]
[White "Studer, Noel"]
[Black "Horvath, Dominik"]
[Result "1-0"]
[ECO "D02"]
[WhiteElo "2494"]
[BlackElo "2419"]
[Annotator "ChessBase"]
[PlyCount "79"]
[EventDate "2019.02.27"]
[EventType "tourn"]
[EventCountry "SUI"]
[SourceTitle "playchess.com"]
[Source "ChessBase"]
[SourceQuality "1"]
[TimeControl "40/5400+30:1800+30"]

1. d4 d5 2. Nf3 e6 3. c4 a6 4. c5 b6 5. cxb6 c5 6. Qb3 Bb7 7. Nc3 cxd4 8. Nxd4 Bc5 9. e3 Qxb6 10. Na4 Qxb3 11. Nxb3 Bd6 12. Bd2 Nf6 13. Nbc5 Bc6 14. Rc1 Bxa4 15. Nxa4 Nbd7 16. Rc6 Ke7 17. Rxa6 Ne4 18. a3 Rxa6 19. Bxa6 Ndc5 20. Nxc5 Nxc5 21. Be2 Rb8 22. b4 Ne4 23. Bc1 Be5 24. Bd3 Nc3 25. Bb2 Kd6 26. g4 g6 27. h4 h6 28. f4 Bh8 29. h5 g5 30. fxg5 hxg5 31. h6 Be5 32. h7 Rh8 33. b5 Ke7 34. a4 Ra8 35. a5 Bh8 36. b6 Kd6 37. b7 Rd8 38. a6 Kc7 39. Rf1 Rf8 40. Ba3 1-0

[Event "Accentus Young Masters 2019"]
[Site "Bad Ragaz"]
[Date "2019.02.28"]
[Round "2.5"]
[White "Albornoz Cabrera, Carlos Daniel"]
[Black "Petrov, Nikita"]
[Result "1/2-1/2"]
[ECO "D37"]
[WhiteElo "2577"]
[BlackElo "2585"]
[Annotator "RC"]
[PlyCount "80"]
[EventDate "2019.02.27"]
[EventType "tourn"]
[EventCountry "SUI"]
[SourceTitle "playchess.com"]
[Source "ChessBase"]
[SourceQuality "1"]
[TimeControl "40/5400+30:1800+30"]

1. Nf3 d5 2. d4 Nf6 3. c4 e6 4. Nc3 Be7 5. Bg5 Nbd7 6. e3 h6 7. Bh4 O-O 8. Rc1 c6 9. Bd3 a6 10. cxd5 exd5 11. O-O Ne4 12. Bxe7 Qxe7 13. Bxe4 dxe4 14. Nd2 Nf6 15. Qc2 Bf5 16. Na4 Nd5 17. Nc5 Rfe8 18. a3 b6 19. Na4 Qg5 20. Kh1 Re6 21. Nc3 Rg6 22. Rg1 Nf6 23. Ndxe4 Nxe4 24. Nxe4 Qh4 25. f3 Re8 26. g4 Bxe4 27. fxe4 Rxg4 28. e5 c5 29. Rxg4 Qxg4 30. Qg2 Qh4 31. Rg1 g6 32. Qd5 Kg7 33. Rf1 Re6 34. Qf3 Qe7 35. Qe4 f6 36. exf6+ Qxf6 37. Rxf6 Rxe4 38. Rxb6 cxd4 39. exd4 Rxd4 40. b4 a5 1/2-1/2

[Event "Accentus Young Masters 2019"]
[Site "Bad Ragaz"]
[Date "2019.03.01"]
[Round "3.1"]
[White "Petrov, Nikita"]
[Black "Wagner, Dennis"]
[Result "1/2-1/2"]
[ECO "D37"]
[WhiteElo "2585"]
[BlackElo "2587"]
[Annotator "ChessBase"]
[PlyCount "117"]
[EventDate "2019.02.27"]
[EventType "tourn"]
[EventCountry "SUI"]
[SourceTitle "playchess.com"]
[Source "ChessBase"]
[SourceQuality "1"]
[TimeControl "40/5400+30:1800+30"]

1. Nf3 d5 2. d4 Nf6 3. c4 e6 4. Nc3 Nbd7 5. Bf4 dxc4 6. e3 Nb6 7. Bxc4 Nxc4 8. Qa4+ c6 9. Qxc4 Nd5 10. O-O Nxf4 11. exf4 Be7 12. Rad1 O-O 13. Rfe1 Qb6 14. Qe2 Rd8 15. f5 Qc7 16. d5 cxd5 17. Nxd5 exd5 18. Qxe7 Qxe7 19. Rxe7 Bxf5 20. Rxb7 Rdb8 21. Rxb8+ Rxb8 22. b3 Rc8 23. Kf1 Be6 24. Nd4 Kf8 25. Ke2 Ke7 26. Kd2 a5 27. Rc1 Rxc1 28. Kxc1 Bd7 29. Kd2 Kd6 30. Kc3 Kc5 31. a3 g5 32. b4+ axb4+ 33. axb4+ Kd6 34. Nf3 f6 35. Kd4 h5 36. g3 Bg4 37. Nd2 h4 38. gxh4 gxh4 39. Nf1 Kc6 40. Ne3 Bf3 41. Nf5 h3 42. Ke3 Bg4 43. Nd4+ Kd6 44. f4 Bd7 45. Kf3 Ke7 46. Kg3 Kd6 47. Kh4 Ke7 48. Kh5 Kf7 49. Kh6 Bc8 50. f5 Bd7 51. b5 Bc8 52. b6 Ke7 53. Kg7 Bb7 54. Kg6 Ba8 55. Nb3 Bb7 56. Nd4 Ba8 57. Kg7 Bb7 58. Ne6 Ba8 59. Nd4 1/2-1/2

[Event "Accentus Young Masters 2019"]
[Site "Bad Ragaz"]
[Date "2019.03.01"]
[Round "3.2"]
[White "Stijve, Theo"]
[Black "Albornoz Cabrera, Carlos Daniel"]
[Result "1/2-1/2"]
[ECO "B90"]
[WhiteElo "2333"]
[BlackElo "2577"]
[Annotator "ChessBase"]
[PlyCount "125"]
[EventDate "2019.02.27"]
[EventType "tourn"]
[EventCountry "SUI"]
[SourceTitle "playchess.com"]
[Source "ChessBase"]
[SourceQuality "1"]
[TimeControl "40/5400+30:1800+30"]

1. e4 c5 2. Nf3 d6 3. d4 cxd4 4. Nxd4 Nf6 5. Nc3 a6 6. Be3 e5 7. Nb3 Be6 8. f3 h5 9. Qd2 Nbd7 10. Nd5 Bxd5 11. exd5 Qc7 12. Na5 b6 13. Nc6 Nxd5 14. Qxd5 Nf6 15. Qb3 Qxc6 16. O-O-O b5 17. Kb1 d5 18. Bg5 Rd8 19. Bd3 Be7 20. Rhe1 Qe6 21. h3 h4 22. a4 b4 23. a5 Rh5 24. Be3 Kf8 25. Rd2 Qd6 26. Bb6 Ra8 27. Be4 Nxe4 28. Rxe4 d4 29. f4 Qh6 30. Rf2 Rf5 31. Qd5 Rc8 32. Rxe5 Rxe5 33. fxe5 Qg6 34. Qd7 Re8 35. Qxd4 b3 36. Qd3 Qxd3 37. cxd3 Bd8 38. Kc1 Bg5+ 39. Kd1 Rxe5 40. Re2 Rxe2 41. Kxe2 Ke7 42. d4 Ke6 43. Kd3 Kd5 44. Kc3 Be3 45. Kxb3 Bxd4 46. Bd8 f6 47. Bc7 Kc6 48. Bf4 Kb5 49. Bd2 Be5 50. Kc2 Bc7 51. Be1 g5 52. Bc3 Be5 53. Bd2 Bc7 54. Bc3 Bd8 55. Kd3 f5 56. Bd2 g4 57. Be1 Bf6 58. Ke3 Bxb2 59. Kf4 gxh3 60. gxh3 Bf6 61. Kxf5 Bd8 62. Kg4 Bxa5 63. Bxh4 1/2-1/2

[Event "Accentus Young Masters 2019"]
[Site "Bad Ragaz"]
[Date "2019.03.02"]
[Round "4.1"]
[White "Wagner, Dennis"]
[Black "Yankelevich, Lev"]
[Result "0-1"]
[ECO "E71"]
[WhiteElo "2587"]
[BlackElo "2445"]
[Annotator "ChessBase"]
[PlyCount "56"]
[EventDate "2019.02.27"]
[EventType "tourn"]
[EventCountry "SUI"]
[SourceTitle "playchess.com"]
[Source "ChessBase"]
[SourceQuality "1"]
[TimeControl "40/5400+30:1800+30"]

1. d4 Nf6 2. c4 g6 3. Nc3 Bg7 4. e4 d6 5. h3 Nbd7 6. Be3 e5 7. d5 Nc5 8. Qc2 O-O 9. g4 c6 10. b4 cxd5 11. cxd5 Ncxe4 12. Nxe4 Nxd5 13. Bd2 Nf4 14. Ne2 d5 15. Nc5 b6 16. Nb3 Bb7 17. Nxf4 exf4 18. Bg2 f3 19. Bf1 Re8+ 20. Kd1 Rc8 21. Qd3 Bxa1 22. Nxa1 d4 23. Qa3 Re2 24. Rg1 Qe8 25. Nc2 Qe4 26. Qb2 Qd3 27. Bxe2 fxe2+ 28. Kc1 Be4 0-1

[Event "Accentus Young Masters 2019"]
[Site "Bad Ragaz"]
[Date "2019.03.02"]
[Round "4.4"]
[White "Albornoz Cabrera, Carlos Daniel"]
[Black "Horvath, Dominik"]
[Result "1-0"]
[ECO "A06"]
[WhiteElo "2577"]
[BlackElo "2419"]
[Annotator "ChessBase"]
[PlyCount "57"]
[EventDate "2019.02.27"]
[EventType "tourn"]
[EventCountry "SUI"]
[SourceTitle "playchess.com"]
[Source "ChessBase"]
[SourceQuality "1"]
[TimeControl "40/5400+30:1800+30"]

1. Nf3 d5 2. c4 e6 3. d4 a6 4. Nbd2 c5 5. g3 cxd4 6. Bg2 Nf6 7. O-O Nc6 8. cxd5 Nxd5 9. Nb3 Be7 10. Nfxd4 Nxd4 11. Nxd4 O-O 12. e4 Nb4 13. Be3 Bd7 14. Qb3 e5 15. Nf5 Be6 16. Qc3 Rc8 17. Bb6 Qe8 18. Nxe7+ Qxe7 19. Qxe5 Rc6 20. Qa5 Bxa2 21. Rfd1 Rfc8 22. e5 Bb3 23. Rd8+ Rxd8 24. Bxd8 Qf8 25. Bxc6 Nxc6 26. Qc3 Bd5 27. Bb6 Qc8 28. Rd1 Be4 29. Rd8+ 1-0

[Event "Accentus Young Masters 2019"]
[Site "Bad Ragaz"]
[Date "2019.03.07"]
[Round "9.2"]
[White "Kurmann, Oliver"]
[Black "Horvath, Dominik"]
[Result "1/2-1/2"]
[ECO "C50"]
[WhiteElo "2454"]
[BlackElo "2419"]
[Annotator "ChessBase"]
[PlyCount "80"]
[EventDate "2019.02.27"]
[EventType "tourn"]
[EventCountry "SUI"]
[SourceTitle "playchess.com"]
[Source "ChessBase"]
[SourceQuality "1"]
[TimeControl "40/5400+30:1800+30"]

1. e4 e5 2. Nf3 Nc6 3. Bc4 Bc5 4. O-O Nf6 5. d3 d6 6. c3 h6 7. Re1 O-O 8. Nbd2 a5 9. Nf1 Be6 10. Bb5 Bd7 11. Ba4 Re8 12. Ng3 Qb8 13. d4 Bb6 14. d5 Ne7 15. Nh5 Nxh5 16. Bxd7 Rd8 17. Bg4 Nf6 18. Bh3 Qa7 19. Be3 a4 20. c4 Ng6 21. g3 Nf8 22. Nd2 Bxe3 23. Rxe3 N8d7 24. Rb1 Qa5 25. Bf1 Nc5 26. Qe2 Rdb8 27. Nf3 Ra6 28. Ne1 Rb6 29. Nc2 Na6 30. Ra3 Nb4 31. Ne1 Ra8 32. Qe3 Ng4 33. Qe2 Nf6 34. Qe3 Qc5 35. Qxc5 dxc5 36. f3 Ne8 37. Kf2 Nd6 38. Ke3 g6 39. Be2 f5 40. Rc1 Rba6 1/2-1/2

[Event "Accentus Young Masters 2019"]
[Site "Bad Ragaz"]
[Date "2019.03.07"]
[Round "9.3"]
[White "Yankelevich, Lev"]
[Black "Stijve, Theo"]
[Result "1/2-1/2"]
[ECO "E06"]
[WhiteElo "2445"]
[BlackElo "2333"]
[Annotator "ChessBase"]
[PlyCount "67"]
[EventDate "2019.02.27"]
[EventType "tourn"]
[EventCountry "SUI"]
[SourceTitle "playchess.com"]
[Source "ChessBase"]
[SourceQuality "1"]
[TimeControl "40/5400+30:1800+30"]

1. d4 Nf6 2. Nf3 d5 3. c4 e6 4. g3 Be7 5. Bg2 O-O 6. O-O dxc4 7. Qc2 b6 8. Bg5 Nd5 9. Bxe7 Qxe7 10. Ne5 c5 11. dxc5 Qxc5 12. Qxc4 Qxc4 13. Nxc4 Nd7 14. Rd1 Ba6 15. Bxd5 exd5 16. Rxd5 Bxc4 17. Rxd7 Rfd8 18. Rxd8+ Rxd8 19. Nc3 Rd2 20. b3 Ba6 21. Rc1 g6 22. Kf1 Rb2 23. Ke1 b5 24. Nd5 Bb7 25. Nf6+ Kg7 26. Ne8+ Kf8 27. Nd6 Bg2 28. f3 Bh3 29. g4 h5 30. gxh5 gxh5 31. Nxb5 Rxa2 32. Rc5 Bd7 33. Nc3 Ra1+ 34. Kf2 1/2-1/2